 Dungeon Crawl Stone Soup version 0.22.0-60-ga52c2fc (webtiles) character file.

459 marrkus the Shield-Bearer (level 7, -4/59 HPs)
             Began as a Gnoll Fighter on Sept 9, 2018.
             Killed from afar by an orc wizard (10 damage)
             ... with a magic dart
             ... on level 4 of the Dungeon.
             The game lasted 00:08:17 (3177 turns).

marrkus the Shield-Bearer (Gnoll Fighter)           Turns: 3177, Time: 00:08:18

Health: -4/59      AC:  0    Str: 21    XL:     7   Next: 6%
Magic:  10/10      EV: 11    Int: 10    God:
Gold:   201        SH:  0    Dex: 14    Spells: 10/10 levels left

rFire    . . .     SeeInvis .   a - +0 long sword
rCold    . . .     Gourm    .   c - +0 shield
rNeg     . . .     Faith    .   x - -2 robe (curse)
rPois    .         Spirit   .   (no helmet)
rElec    .         Reflect  .   (no cloak)
rCorr    .         Harm     .   (no gloves)
MR       .....                  (no boots)
Stlth    +.........             (no amulet)
HPRegen  0.19/turn              (no ring)
MPRegen  0.12/turn              (no ring)

@: confused, flying
A: distributed training, fangs 1, strong nose
a: no special abilities


You were on level 4 of the Dungeon.
You were very hungry.

You visited 1 branch of the dungeon, and saw 4 of its levels.

You collected 201 gold pieces.

Inventory:

Hand Weapons
 a - a +0 long sword (weapon)
Missiles
 i - 13 arrows
 j - 31 stones
 o - 4 tomahawks (quivered)
 q - 44 sling bullets
 B - 27 bolts
Armour
 b - a +0 scale mail
 c - a +0 shield (worn)
 x - a cursed -2 robe (worn)
Scrolls
 e - 3 scrolls of blinking
 g - 3 scrolls of identify
 n - 4 scrolls of enchant weapon {unknown}
 p - a scroll of summoning {unknown}
 r - a scroll of random uselessness {unknown}
 u - 3 scrolls of amnesia {unknown}
 v - 2 scrolls of noise {unknown}
 y - a scroll of remove curse
 z - a scroll of enchant armour {unknown}
 A - 2 scrolls of teleportation {unknown}
Potions
 d - a potion of might
 h - a potion of flight
 k - a potion of curing {unknown}
 l - a potion of berserk rage {unknown}
 m - a potion of haste
 s - a potion of heal wounds {unknown}
 t - 2 potions of resistance {unknown}
 w - 2 potions of degeneration {unknown}
 D - a potion of lignification {unknown}
Comestibles
 f - 7 rations
 C - 2 chunks of flesh


   Skills:
 + Level 6.9 Fighting
 + Level 2.2 Short Blades
 + Level 5.1 Long Blades
 + Level 2.2 Axes
 + Level 2.2 Maces & Flails
 + Level 2.2 Polearms
 + Level 2.2 Staves
 + Level 2.2 Slings
 + Level 2.2 Bows
 + Level 2.2 Crossbows
 + Level 2.2 Throwing
 + Level 6.9 Armour
 + Level 2.2 Dodging
 + Level 2.2 Stealth
 + Level 6.9 Shields
 + Level 2.2 Unarmed Combat
 + Level 2.2 Spellcasting
 + Level 1.7 Conjurations
 + Level 1.7 Hexes
 + Level 1.7 Charms
 + Level 1.7 Summonings
 + Level 1.7 Necromancy
 + Level 1.7 Translocations
 + Level 1.7 Transmutations
 + Level 1.7 Fire Magic
 + Level 1.7 Ice Magic
 + Level 1.7 Air Magic
 + Level 1.7 Earth Magic
 + Level 1.7 Poison Magic
 + Level 2.4 Invocations
 + Level 2.2 Evocations


You had 10 spell levels left.
You didn't know any spells.
Your spell library was empty.

Dungeon Overview and Level Annotations

Branches:
Dungeon (4/15)
 Temple: D:4-7

Altars:
Wu Jian
Yredelemnul
Beogh

Annotations:
D:3 3 runed doors, skk's ghost, amateur TeGl
D:4 Edmund


Innate Abilities, Weirdness & Mutations

Your experience applies equally to all skills.
You have very sharp teeth.
Your uncanny sense of smell can sniff out nearby items.


Message History

o - 5 tomahawks (gained 1)
You see here a trident.
An orc wizard comes into view. It is wielding a dagger.
Throwing (i - inventory. (/) - cycle)
o - 5 tomahawks (quivered)
Press: ? - help, Shift-Dir - straight line, f - orc wizard
Aim: an orc wizard, wielding a dagger and wearing a robe (hasn't noticed you)
You throw a tomahawk.
The tomahawk barely misses the orc wizard.
The orc wizard shouts!
The orc wizard gestures at you while chanting.
You are confused.
The orc wizard gestures at you while chanting.
The puff of flame hits you!
* * * LOW HITPOINT WARNING * * *
It was a potion of flight.
You feel very buoyant.
You fly up into the air.
The orc wizard casts a spell at you. The magic dart hits you!
You die...

### ## #####.......# #.
..........#.####
#.####.............# #####..
........#...##.#
#..=...###.#....#...##.#
#...#...........##.#########
o.o...#............o(...........
§o###...#...().@.).###.#########
##.##.÷(..).<...........)... #.
#..........#########.###
#.##.#..........# #.#
.........##.####.# #.#
##..........# .# #.###
####....#### # #.... ........#
#.#.. .###....# #.#..


You could see an orc wizard.

Vanquished Creatures
  Grinder (D:3)
  A bullfrog (D:4)
  2 orc priests
  An orc wizard (D:4)
  A worker ant (D:3)
  3 adders
  An ooze (D:2)
  2 worms (D:2)
  5 leopard geckos
  5 orcs
  3 bats (D:1)
  7 giant cockroaches
  5 goblins
  3 hobgoblins
  A kobold (D:1)
  A quokka (D:2)
  2 frilled lizards
  7 rats
51 creatures vanquished.

Notes
Turn   | Place    | Note
-------+----------+-------------------------------------------
     0 | D:1      | marrkus the Gnoll Fighter began the quest for the Orb.
     0 | D:1      | Reached XP level 1. HP: 23/23 MP: 1/1
    92 | D:1      | Reached XP level 2. HP: 25/29 MP: 2/2
   670 | D:1      | Reached XP level 3. HP: 35/35 MP: 3/3
   980 | D:2      | Reached skill level 1 in Invocations
  1314 | D:2      | Found an ornate altar of the Wu Jian Council.
  1368 | D:2      | Reached skill level 1 in Short Blades
  1368 | D:2      | Reached skill level 1 in Axes
  1368 | D:2      | Reached skill level 1 in Maces & Flails
  1368 | D:2      | Reached skill level 1 in Polearms
  1368 | D:2      | Reached skill level 1 in Staves
  1368 | D:2      | Reached skill level 1 in Slings
  1368 | D:2      | Reached skill level 1 in Bows
  1368 | D:2      | Reached skill level 1 in Crossbows
  1368 | D:2      | Reached skill level 1 in Throwing
  1368 | D:2      | Reached skill level 1 in Dodging
  1368 | D:2      | Reached skill level 1 in Stealth
  1368 | D:2      | Reached skill level 1 in Unarmed Combat
  1368 | D:2      | Reached skill level 1 in Spellcasting
  1368 | D:2      | Reached skill level 1 in Evocations
  1368 | D:2      | Reached XP level 4. HP: 31/41 MP: 5/5
  1687 | D:3      | Found a basalt altar of Yredelemnul.
  1772 | D:3      | Reached skill level 1 in Conjurations
  1772 | D:3      | Reached skill level 1 in Hexes
  1772 | D:3      | Reached skill level 1 in Charms
  1772 | D:3      | Reached skill level 1 in Summonings
  1772 | D:3      | Reached skill level 1 in Necromancy
  1772 | D:3      | Reached skill level 1 in Translocations
  1772 | D:3      | Reached skill level 1 in Transmutations
  1772 | D:3      | Reached skill level 1 in Fire Magic
  1772 | D:3      | Reached skill level 1 in Ice Magic
  1772 | D:3      | Reached skill level 1 in Air Magic
  1772 | D:3      | Reached skill level 1 in Earth Magic
  1772 | D:3      | Reached skill level 1 in Poison Magic
  2036 | D:3      | Noticed Grinder
  2055 | D:3      | Killed Grinder
  2055 | D:3      | Reached XP level 5. HP: 27/47 MP: 5/7
  2055 | D:3      | Reached XP level 6. HP: 31/53 MP: 5/8
  2366 | D:3      | Found a runed gate.
  2369 | D:3      | Found a runed gate.
  2371 | D:3      | Found a runed gate.
  2373 | D:3      | Noticed skk's ghost (amateur TeGl)
  2374 | D:3      | Found a roughly hewn altar of Beogh.
  2469 | D:4      | Reached skill level 5 in Long Blades
  2738 | D:4      | Noticed Edmund
  3168 | D:4      | Reached XP level 7. HP: 15/59 MP: 10/10
  3177 | D:4      | Killed from afar by an orc wizard

Skill      XL: |  1  2  3  4  5  6 |
---------------+-------------------+-----
Invocations    | 1 2 |  2.4
Short Blades   | 1 2 |  2.2
Axes           | 1 2 |  2.2
Maces & Flails | 1 2 |  2.2
Polearms       | 1 2 |  2.2
Staves         | 1 2 |  2.2
Slings         | 1 2 |  2.2
Bows           | 1 2 |  2.2
Crossbows      | 1 2 |  2.2
Throwing       | 1 2 |  2.2
Dodging        | 1 2 |  2.2
Stealth        | 1 2 |  2.2
Unarmed Combat | 1 2 |  2.2
Spellcasting   | 1 2 |  2.2
Evocations     | 1 2 |  2.2
Conjurations   | 1 |  1.7
Hexes          | 1 |  1.7
Charms         | 1 |  1.7
Summonings     | 1 |  1.7
Necromancy     | 1 |  1.7
Translocations | 1 |  1.7
Transmutations | 1 |  1.7
Fire Magic     | 1 |  1.7
Ice Magic      | 1 |  1.7
Air Magic      | 1 |  1.7
Earth Magic    | 1 |  1.7
Poison Magic   | 1 |  1.7
Long Blades    | 5 |  5.1
Fighting       | |  6.9
Armour         | |  6.9
Shields        | |  6.9

Action                   |  1- 3 |  4- 6 |  7- 9 || total
-------------------------+-------+-------+-------++-------
Melee: Long sword        |    80 |    92 |       ||   172
       Bite              |    11 |    10 |       ||    21
Throw: Tomahawk          |       |     4 |     1 ||     5
  Use: Scroll            |     4 |       |       ||     4
       Potion            |       |       |     1 ||     1
 Stab: Sleeping          |       |     1 |       ||     1
  Eat: Chunk             |     1 |     5 |       ||     6
Armor: Scale mail        |    20 |    25 |       ||    45
Dodge: Dodged            |    29 |    37 |       ||    66
Block: Shield            |    40 |    67 |       ||   107
       Rpst.: Long sword |     8 |    19 |       ||    27
